AoeStats
← Mr.Satan

Black Forest

507269019Analyzed
2v2 RM · 14d ago on Sep 17, 2026· 91m 22s· 4 players
Game mode
Random Map
Map size
Medium (4 player)
Population
200
Speed
Normal
Resources
Standard
Victory
Conquest
Starting age
Dark Age
Ending age
Imperial Age
RankedLock teamsTeams togetherTeam positionsShared explorationLock speedFull tech treeHidden civsTurbo modeCheats
Victory
Defeat
🇪🇸 Maya · Spain
674
+15
🇪🇸 Persians · Spain
622
+17
🇺🇦 Spanish · Ukraine
640
-30
🇺🇦 Huns · Ukraine
638
-30
gangsta rap made me do it
11:13 Feudal Age
12:58 Double-Bit Axe
16:28 Wheelbarrow
15:39 Loom
16:27 Horse Collar
19:40 Castle Age
21:35 Bow Saw
21:31 Heavy Plow
21:24 Stone Mining
21:25 Gold Mining
23:18 Gold Shaft Mining
30:24 Marauders
31:09 Town Watch
31:59 Wheelbarrow
31:43 Caravan
32:13 Coinage
32:29 Town Patrol
37:50 Imperial Age
36:34 Hand Cart
37:57 Scale Mail Armor
38:02 Scale Barding Armor
38:02 Padded Archer Armor
37:52 Fletching
40:16 Two-Man Saw
39:55 Husbandry
39:17 Cavalier
39:24 Elite Tarkan
39:40 Sappers
40:31 Conscription
40:52 Heavy Cavalry Archer
42:37 Parthian Tactics
45:31 Chain Barding Armor
45:27 Leather Archer Armor
45:08 Bodkin Arrow
48:52 Plate Barding Armor
48:13 Elite Skirmisher
64:13 Capped Ram
67:25 Light Cavalry
68:15 Bloodlines
68:22 Bloodlines
67:33 Light Cavalry
68:59 Siege Ram
77:44 Hussar
87:36 Pikeman
шавка
0:33 Loom
13:09 Feudal Age
14:35 Wheelbarrow
14:21 Double-Bit Axe
15:53 Horse Collar
16:45 Man-at-Arms
22:23 Castle Age
21:39 Fletching
21:54 Padded Archer Armor
23:26 Hand Cart
24:53 Stone Mining
24:58 Gold Mining
28:21 Leather Archer Armor
28:02 Bodkin Arrow
28:53 Stone Shaft Mining
29:01 Coinage
27:59 Pikeman
31:33 Heavy Plow
31:45 Bow Saw
31:44 Scale Barding Armor
31:40 Scale Mail Armor
31:50 Forging
34:26 Thumb Ring
34:49 Ballistics
36:59 Caravan
41:26 Imperial Age
39:39 Fortified Wall
42:16 Bracer
42:46 Ring Archer Armor
43:35 Chemistry
42:59 Elite Conquistador
43:08 Elite Conquistador
45:06 Conscription
45:51 Hoardings
45:53 Chain Barding Armor
53:54 Masonry
66:45 Halberdier
67:43 Squires
67:53 Squires
67:46 Gambesons
Mr.Satan
11:38 Loom
15:22 Feudal Age
17:16 Bloodlines
18:21 Man-at-Arms
21:16 Wheelbarrow
22:47 Double-Bit Axe
22:44 Horse Collar
27:59 Castle Age
26:49 Forging
26:54 Gold Mining
26:56 Stone Mining
27:56 Light Cavalry
28:38 Husbandry
29:13 Crossbowman
30:38 Hand Cart
30:26 Heavy Plow
30:55 Bow Saw
30:10 Pikeman
34:27 Stone Shaft Mining
34:30 Gold Shaft Mining
36:59 Padded Archer Armor
36:50 Fletching
37:35 Iron Casting
37:06 Scale Barding Armor
37:18 Kamandaran
39:14 Coinage
38:45 Caravan
39:46 Thumb Ring
44:06 Imperial Age
41:58 Scale Mail Armor
44:28 Chain Barding Armor
44:00 Heated Shot
44:31 Ballistics
44:29 Chain Mail Armor
44:29 Leather Archer Armor
44:12 Cavalier
45:42 Bodkin Arrow
46:48 Blast Furnace
47:49 Ring Archer Armor
48:23 Chemistry
47:35 Elite War Elephant
49:22 Plate Mail Armor
49:41 Halberdier
51:54 Savar
53:36 Banking
54:21 Plate Barding Armor
53:59 Masonry
54:27 Hussar
56:07 Onager
59:50 Citadels
61:59 Architecture
61:24 Murder Holes
63:50 Guilds
69:08 Two-Man Saw
68:41 Crop Rotation
81:19 Long Swordsman
KOSOVAR
7:31 Loom
12:49 Feudal Age
13:39 Double-Bit Axe
17:35 Horse Collar
21:22 Castle Age
21:30 Castle Age
19:32 Stone Mining
19:34 Gold Mining
19:41 Fletching
19:56 Padded Archer Armor
24:23 Wheelbarrow
24:30 Bow Saw
24:23 Heavy Plow
24:56 Caravan
27:00 Hand Cart
28:36 Pikeman
29:51 Ballistics
33:26 Murder Holes
34:09 Hul'che Javelineers
38:58 Imperial Age
36:18 Treadmill Crane
37:11 Thumb Ring
40:00 Bodkin Arrow
40:21 Leather Archer Armor
41:09 Chemistry
40:38 Conscription
40:13 Heavy Scorpion
41:04 Bracer
40:36 Halberdier
40:44 Eagle Warrior
43:52 Ring Archer Armor
43:32 Forging
43:23 Scale Mail Armor
43:48 Elite Plumed Archer
45:03 Holcans
46:09 Iron Casting
46:11 Crop Rotation
46:47 Two-Man Saw
46:39 Squires
46:28 Arson
47:02 Chain Mail Armor
57:08 Blast Furnace
56:38 Plate Mail Armor
55:37 Elite Eagle Warrior
72:12 Town Watch
Connection lost

Rejoining the realm…

Still unreachable

The connection could not be restored.

Session expired

The server has moved on; the page needs a fresh start.